Cogmind - Beta 14 @@@ ROGUE MODE // 2024.10.13 @ 00:34:05 Player: Fire Result: Destroyed by G-34 Mercenary with Small Laser Performance ------------- Evolutions (0) 0 Regions Visited (1) 200 Robots Destroyed (16) 80 Value Destroyed (421) 421 Prototype IDs (3) 60 Alien Tech Used (0) 0 Bonus (0) 0 TOTAL SCORE: 761 Bonus ------- None Cogmind --------- Core Integrity 0/250 Matter 177/300 Energy 70/100 System Corruption 0% Temperature Warning (370) Movement Core (100) Ox1 Location -10/Materials Parts ------- > --- POWER (1) -------- (None) > --- PROPULSION (2) --- (None) > --- UTILITY (2) ------ Sensor Array Transport Network Coupler > --- WEAPON (2) ------- Improved EM Shotgun Medium Laser > --- INVENTORY (5) ---- Medium Storage Unit Terrain Scan Processor Seismic Detector Peak State ------------ > --- POWER ------------ Ion Engine > --- PROPULSION ------- Light Treads Light Treads > --- UTILITY ---------- Sensor Array Signal Interpreter > --- WEAPON ----------- Improved EM Shotgun Rocket Launcher > --- INVENTORY -------- Medium Storage Unit Terrain Scan Processor Seismic Detector Medium Laser Assault Rifle [Rating: 10] Favorites ----------- Power Ion Engine Engine Ion Engine Propulsion Light Treads Treads Light Treads Utility Small Storage Unit Device Sensor Array Storage Small Storage Unit Processor Signal Interpreter Protection Light Armor Plating Weapon Medium Laser Energy Gun Medium Laser Ballistic Gun Assault Rifle Launcher Rocket Launcher Build | -11 -10 ------- Run | Yrd Mat Slots Evolved . | . . Power . | . . Propulsion . | . . Utility . | . . Weapon . | . . Parts Attached 22 | 6 16 Power 3 | 1 2 Engine 3 | 1 2 Core . | . . Reactor . | . . Propulsion 2 | 2 . Treads 2 | 2 . Leg . | . . Wheel . | . . Hover . | . . Flight . | . . Utility 8 | 1 7 Device 3 | . 3 Storage 2 | 1 1 Processor 2 | . 2 Hackware . | . . Protection 1 | . 1 Artifact . | . . Weapon 9 | 2 7 Energy Gun 5 | 2 3 Energy Cannon . | . . Ballistic Gun 1 | . 1 Ballistic Cannon . | . . Launcher 3 | . 3 Special Weapon . | . . Impact Weapon . | . . Slashing Weapon . | . . Piercing Weapon . | . . Special Melee Weapon . | . . Unidentified Prototypes 1 | . 1 Parts Lost 5 | . 5 Power 2 | . 2 Propulsion 2 | . 2 Utility . | . . Weapon 1 | . 1 Highest Loss Streak 4 | . 4 To Critical Strikes . | . . Average Slot Usage (%) 98 | . 98 Engine 13 | . 13 Treads 27 | . 27 Device 9 | . 9 Storage 4 | . 4 Processor 10 | . 10 Protection 2 | . 2 Energy Gun 17 | . 17 Ballistic Gun 1 | . 1 Launcher 9 | . 9 Peak Build Rating 10 | 6 10 Average Rating 6 | 5 8 On Entrance 3 | . 6 Naked Turns . | . . Heaviest Build 23 | 14 23 Greatest Support 40 | 40 40 Greatest Overweight (x) 1 | . 1 Average Overweight (x) . | . . Largest Inventory Capacity 10 | 8 10 Average Capacity 7 | 7 6 Most Carried 5 | 3 5 Average Carried 2 | . 3 Final Capacity 8 | 8 5 Final Carried 3 | 1 3 Class Distribution -------------------- 100% | Mutant Dominant Class ---------------- Mutant | -10/Materials Resources | -11 -10 ----------- Run | Yrd Mat Matter Collected 379 | 153 226 Remotely . | . . Salvage Created 429 | . 429 Parts 31 | . 31 Haulers Intercepted 1 | . 1 Recyclers Shooed . | . . Parts Field Recycled . | . . Retrieved Matter . | . . Parts Self-Destructed . | . . Prevented . | . . Kills | -11 -10 ------- Run | Yrd Mat Combat Hostiles Destroyed 9 | . 9 Guns 5 | . 5 AOE 4 | . 4 Classes Destroyed 6 | . 6 Worker 1 | . 1 Builder 1 | . 1 Tunneler 1 | . 1 Hauler 1 | . 1 Watcher 3 | . 3 Grunt 9 | . 9 Best Kill Streak 5 | . 5 Combat Bots Only 2 | . 2 Max Kills in Single Turn 3 | . 3 Gunslinging . | . . Exploded 1 | . 1 Melee . | . . Uniques/NPCs Destroyed . | . . Combat | -11 -10 -------- Run | Yrd Mat Hostile Shots Fired 95 | . 95 Missed 23 | . 23 Damage Taken 900 | . 900 Core 261 | . 261 Absorbed by Shields . | . . Core Remaining (%) 100 | 100 . Volleys Fired 49 | . 49 Largest 2 | . 2 Hottest 95 | . 95 Shots Fired 61 | . 61 Gun 50 | . 50 Cannon . | . . Launcher 11 | . 11 Special . | . . Kinetic . | . . Thermal 30 | . 30 Explosive 11 | . 11 Electromagnetic 20 | . 20 Robot Hit Streak 9 | . 9 Robot Miss Streak 4 | . 4 Penetration Max . | . . Secondary Targets 2 | . 2 Max Gunslinging Chain 1 | . 1 Shots Hit Robots 33 | . 33 Core Hits 28 | . 28 Critical Kills . | . . Critical Parts Destroyed . | . . Critical Strikes 5 | . 5 Burn 5 | . 5 Melee Attacks . | . . Impact . | . . Slashing . | . . Piercing . | . . Sneak Attacks . | . . Combat Hostiles . | . . Follow-up Attacks . | . . Damage Inflicted 1088 | . 1088 Guns 434 | . 434 Cannons . | . . Explosions 648 | . 648 Melee . | . . Ramming 6 | . 6 Kinetic . | . . Thermal 237 | . 237 Explosive 648 | . 648 Electromagnetic 197 | . 197 Impact . | . . Slashing . | . . Piercing . | . . Highest Corruption . | . . Average Corruption . | . . Corruption Purged . | . . Corruption Blocked . | . . Overload Shots . | . . Overflow Damage 23 | . 23 Projectiles . | . . Explosions 23 | . 23 Melee . | . . Knockbacks . | . . Impact . | . . Kinetic . | . . Secondary . | . . Self-Inflicted Damage 19 | . 19 Shots 1 | . 1 Rammed 1 | . 1 Targets Rammed 1 | . 1 Kicked . | . . Crushed . | . . Highest Temperature 377 | . 377 Average Temperature 70 | . 70 Received Heat Transfer 489 | . 489 Siege Activations . | . . Robots Corrupted . | . . Combat Hostiles . | . . Parts Fried 1 | . 1 Impact Corruptions . | . . Robots Melted . | . . Combat Hostiles . | . . Parts Melted 5 | . 5 Heat Transferred 1073 | . 1073 Parts Sabotaged . | . . Parts Stolen . | . . Parts Stripped . | . . Power Chain Reactions . | . . Alert | -11 -10 ------- Run | Yrd Mat Peak Influence 304 | . 304 Initial . | . . Average 57 | . 125 Maximum Alert Level 1 | . 1 Low Security (%) 94 | 100 88 Level 1 5 | . 11 Level 2 . | . . Level 3 . | . . Level 4 . | . . Level 5 . | . . High Security . | . . Max Security . | . . Squads Dispatched 3 | . 3 Investigation 3 | . 3 Extermination . | . . Reinforcement . | . . Assault . | . . Garrison . | . . Intercept . | . . Searches Triggered . | . . Construction Impeded . | . . Haulers Reinforced . | . . Active Scanning Responses . | . . Cargo Convoy Interrupts . | . . Stealth | -11 -10 --------- Run | Yrd Mat Distress Signals 1 | . 1 Communications Jammed . | . . Distress Signals . | . . Times Spotted 18 | . 18 Peak Tracking Total 4 | . 4 Tactical Retreats 1 | . 1 Traps | -11 -10 ------- Run | Yrd Mat Traps Triggered 2 | . 2 Indirectly . | . . Trap Hack Attempts . | . . Triggered . | . . Disarmed . | . . Reprogrammed . | . . Reused . | . . Traps Extracted . | . . Installed . | . . Triggered . | . . Machines | -11 -10 ---------- Run | Yrd Mat Machines Disabled . | . . Max in Single Turn . | . . Machines Repaired . | . . Machines Dismantled . | . . Machines Sabotaged . | . . Overloaded Fab Kills . | . . Hacking | -11 -10 --------- Run | Yrd Mat Machines Accessed 5 | . 5 Terminals 4 | . 4 Fabricators . | . . Repair Stations . | . . Recycling Units 1 | . 1 Scanalyzers . | . . Garrison Access . | . . Total Hacks 12 | . 12 Successful 10 | . 10 Failed 2 | . 2 Catastrophic . | . . Database Lockouts . | . . Manual . | . . Terminals 11 | . 11 Fabricators . | . . Repair Stations . | . . Recycling Units 1 | . 1 Scanalyzers . | . . Garrison Access . | . . Terminal Hacks 9 | . 9 Record 5 | . 5 Prototype ID Bank 1 | . 1 Branch Access Points 1 | . 1 Alert Level 1 | . 1 Hauler Manifests 1 | . 1 Fabricator Hacks . | . . Repair Station Hacks . | . . Recycling Unit Hacks 1 | . 1 Report Inventory 1 | . 1 Scanalyzer . | . . Garrison Access Hacks . | . . Unauthorized Hacks . | . . Terminals . | . . Fabricators . | . . Repair Stations . | . . Recycling Units . | . . Scanalyzers . | . . Garrison Access . | . . Data Cores Recovered . | . . Used . | . . Hacking Detections 5 | . 5 Full Trace Events 3 | . 3 Feedback Events . | . . Feedback Blocked . | . . Robot Schematics Acquired . | . . Robots Built . | . . Authchips . | . . Time . | . . Total Robot Build Rating . | . . Part Schematics Acquired . | . . Parts Built . | . . Authchips . | . . Time . | . . Total Part Build Rating . | . . Parts Repaired . | . . Time . | . . Parts Recycled . | . . Recycled Matter . | . . Retrieved Matter . | . . Retrieved Components . | . . Parts Scanalyzed . | . . Part Schematics Acquired . | . . Parts Damaged . | . . Bothacking | -11 -10 ------------ Run | Yrd Mat Used RIF Installer . | . . Robots Hacked . | . . Non-combat . | . . Combat . | . . Robot Hacks Applied . | . . Relay Couplers Released . | . . Fabnet Peak Effective % . | . . Robots Rewired . | . . Allies Hacked . | . . Hacks Repelled . | . . Allies | -11 -10 -------- Run | Yrd Mat Total Allies . | . . Largest Group . | . . Highest-Rated Group . | . . Highest-Rated Ally . | . . Total Orders . | . . Ally Attacks . | . . Total Damage . | . . Kills . | . . Allies Corrupted . | . . Allies Melted . | . . Intel | -11 -10 ------- Run | Yrd Mat Robot Analysis Total . | . . Derelict Logs Recovered . | . . Drone Launches . | . . Drone Recoveries . | . . Exploration | -11 -10 ------------- Run | Yrd Mat Turns Passed 1485 | 807 678 Spaces Moved 632 | 305 327 Core 10 | 9 1 Treads 622 | 296 326 Legs . | . . Wheels . | . . Hover . | . . Flight . | . . Fastest Speed 50 | 50 100 Average Speed 158 | 156 159 Slowest Speed 160 | 160 160 Overloaded Moves . | . . Propulsion Burnouts . | . . Robots Hopped . | . . Cave-ins Triggered . | . . Exploration Rate (%) 35 | 29 42 Regions Visited 1 Branch Regions . Pre-discovered Areas . | . . Known Exits Taken . | . . Unknown Exits Taken 1 | 1 . Scrap Searched . | . . Spaces Dug . | . . Terrain Destroyed 38 | . 38 Melee . | . . Projectile . | . . AOE 38 | . 38 Terrain Rammed . | . . Walls Destroyed . | . . Machines Disabled . | . . Actions | -11 -10 --------- Run | Yrd Mat Total 1056 | 634 422 Wait 324 | 317 7 Move 631 | 304 327 Hop . | . . Pick Up 22 | 7 15 Fast Attach 1 | . 1 Attach 13 | 6 7 Detach 1 | . 1 Swap 8 | . 8 Drop 6 | . 6 Fire 49 | . 49 Melee . | . . Ram . | . . Kick . | . . Crush 1 | . 1 Escape Stasis . | . . Rewire . | . . Trap . | . . Miscellaneous . | . . Route ------- -11/Scrapyard -10/Materials (discovered 1 exit: *Min) History --------- Turn | Location | Event 3 | -11/Scrapyard | Discovered new exit (range 15) 808 | -11/Scrapyard | Entered Materials 809 | -10/Materials | Build established: Mutant 1153 | -10/Materials | Discovered new exit (range 12) 1284 | -10/Materials | Core integrity fell below 50% 1425 | -10/Materials | Identified exit to Mines 1479 | -10/Materials | Core integrity fell below 20% 1486 | -10/Materials | Destroyed by G-34 Mercenary with Small Laser Last Messages --------------- Discarded Signal Interpreter. Connecting with Terminal... >>Access(Branch) Found 1 branch access point: (38,37) Mines Map updated. ALERT: Suspicious activity at Terminal M005. Dispatching Investigation squad. Terminal unresponsive. Acquired Med. Laser. Rocket Launcher destroyed. G-34 Mercenary suffers critical hit (Burn). Lgt. Treads destroyed. Aluminum Leg melted. G-34 Mercenary destroyed. Switching to secondary target: G-34 Mercenary. Ion Engine destroyed. Lgt. Treads destroyed. G-34 Mercenary destroyed. Switching to secondary target: G-34 Mercenary. Map ----- +----------------------------------------------------+ | ??????????????????????????????????+ +??????# | | ??????????????????????????????????# #??????# | | ????????????????????????????????### ##?????##### | | ????????????????????????????????""" #?????????? | | ????????????????????????????????" #?????????? | | ???????????????????????????????#"! #?????????? | | ????????????????????????????????"" > #?????????? | | ???????????????????????? ?????"! #?????????? | | ???????????????????????+ ?????? #?????????? | | ???????????????????????# #??????" ??????????? | | ???????????????????????# #??????# #########??? | | ?????????????????####??# #??????# # #??? | | ????????????????? ??+ ######## !!+ #??? | | ?????????????????? ?# # #^^ # #??? | | ??????????????????? ?# #""" # ##?????????? | | ???????????????????? # #""" # #########??? | | ????????????????????? # #""" # #! = #??? | | ?????????????????????? /g # + + #??? | | ???????????????????????# # #! # ]#??# | | ???????????????????????#g ######## = ###+######## | | ???????????????????????# ####### ## # | | ???????????????????????# g ? ## # """ | | ???????????????????????# % T ## # """ # | | ???????????????????????#*[= ## # """ # | | ???????????????????????##%# # ## #= # | | ????????????????######??#@# ######## # # | | ????????????????# #??#!#]][ ]]#??????# ####/### | | ????????????????# T #??# #]][[]]#??????# | | ????????????????# #### ########??????###### | | ????????????????# + #?????????????????#T | | ????????????????# #### #?????????????????## | | ????????????????# #??# #??????????????????# | | ????????????????# #??#r#?????????????????? | | ????????????????# #??# #?????????????????? | | ????????????????# #??# ########??????????? | | ????????????????######??# # #???????????##### | | ??????????#############?# # #???????????????? | | ??????????# # ### # #???????????????? | | ??????????# """ + + #???????????????? | | ??????????# """ # ##### #???????????????? | | ??????????# """ #####???# #???????????????? | | ??????????# [#???????########???????????????? | | ??????????#########??????????????????????????????? | | ?????????????????????????????????????????????????? | | | | | | | | | | | | | +----------------------------------------------------+ Best States ------------- Heat Dissipation 25 Energy Generation 10 Energy Capacity 250 Matter Stores 193 Matter Capacity 300 Sight Range 16 Robot Scan Range 14 Terrain Scan Density 10 Armor Coverage 150 Evasion (%) 40 Recoil Reduction 2 Item Schematics ----------------- None Robot Schematics ------------------ None Fabricated ------------ Nothing Alien Tech Used ----------------- None Achievements -------------- Loot Pinata Oops Risk Taker Shopping List Challenges ------------ None Game ------ Seed IonSystemPendant Manual? 0 Play Time 00:31:44 Cumulative 1.3 hours Start 2024.10.12 @ 22:38:47 End 2024.10.13 @ 00:34:05 Sessions 1 Manual Loads 0 Difficulty Rogue Special Mode None Game No. 4 Rogue 4 Adventurer 0 Explorer 0 Win Type - Total 0 Types 0/0/0/0/0/0/0/0/0 Lore% 0 Gallery% 3 Achievement% 3 Wizard Run 0 Options --------- Layout 1 ASCII 0 Keyboard 0 Movement Mouse Keybinds 0 Fullscreen 1 Font 24/Smallcaps Map View 50x35 Zoom Use 7% Tactical HUD 0 Map Filters NONE Filters NONE Steam 1 RUN: f09727ad-b6a4-47f3-b57b-4ca1b1fc472d